 Dungeon Crawl Stone Soup version 0.25.0-1-g7eea58d2a3 (webtiles) character file.

Game seed: 15146104916589429467

120 DeadF the Sneak (level 4, -1/18 HPs)
             Began as a Felid Enchanter on June 14, 2020.
             Succumbed to an orc wizard's poison
             ... on level 3 of the Dungeon.
             The game lasted 00:09:02 (4934 turns).

DeadF the Sneak (Felid Enchanter)                   Turns: 4934, Time: 00:09:03

Health: -1/18      AC:  1    Str:  4    XL:     4   Next: 75%
Magic:  8/8        EV: 21    Int: 16    God:
Gold:   121        SH:  0    Dex: 18    Spells: 1/7 levels left
                                        Lives:  0   Deaths: 1

rFire    . . .     SeeInvis +     - Unarmed
rCold    . . .     Gourm    .   (shield unavailable)
rNeg     . . .     Faith    .   (armour unavailable)
rPois    .         Spirit   .   (helmet unavailable)
rElec    .         Reflect  .   (cloak unavailable)
rCorr    .         Harm     .   (gloves unavailable)
MR       .....                  (boots unavailable)
Stlth    ++++......             (no amulet)
HPRegen  0.06/turn              (no ring)
MPRegen  0.11/turn              (no ring)

@: lethally poisoned (-1 -> -18), quick
A: very small, no armour, no weapons or thrown items, stealth, claws 1, fangs 3,
see invisible, carnivore, speed 1, shaggy fur 1, slow metabolism 1, sharp paws
a: no special abilities


You were on level 3 of the Dungeon.
You were not hungry.

You visited 1 branch of the dungeon, and saw 3 of its levels.

You collected 121 gold pieces.

Inventory:

Jewellery
 a - an uncursed amulet of the acrobat {unknown}
 e - a +6 ring of dexterity {unknown}
Scrolls
 c - 7 scrolls of identify {unknown}
 d - a scroll of immolation {unknown}
 g - 2 scrolls of remove curse {unknown}
 h - 2 scrolls of amnesia {unknown}
 i - a scroll of magic mapping {unknown}
 j - a scroll of enchant armour {unknown}
 m - a scroll of blinking {unknown}
 n - a scroll of random uselessness {unknown}
Comestibles
 b - 4 rations


   Skills:
 - Level 0.2 Fighting
 + Level 5.2 Dodging
 + Level 6.9 Stealth
 - Level 1.9 Unarmed Combat
 - Level 2.2 Spellcasting
 - Level 4.7 Hexes


You had one spell level left.
You knew the following spells:

 Your Spells              Type           Power        Failure   Level  Hunger
a - Corona                Hex            ###....      3%          1    #......
b - Ensorcelled Hibernat  Hex/Ice        #.....       12%         2    ###....
c - Confusing Touch       Hex            ###.....     9%          3    ###....

Your spell library contained the following spells:

 Spells                   Type           Power        Failure   Level  Hunger
 Tukima's Dance           Hex            ###.....     9%          3    ###....
 Dazzling Flash           Conj/Hex       #.....       22%         3    ###....


Dungeon Overview and Level Annotations

Branches:
Dungeon (3/15)

Altars:
Ashenzari
Cheibriados
Dithmenos
Kikubaaqudgha
Nemelex Xobeh
Wu Jian
Xom


Innate Abilities, Weirdness & Mutations

You cannot wear armour.
You are incapable of wielding weapons or throwing items.
Your paws allow you to move quietly. (Stealth)
You have sharp claws.
You have razor-sharp teeth.
You have supernaturally acute eyesight. (SInv)
You are carnivorous and can eat meat at any time.
You cover ground quickly.
You are covered in fur. (AC +1)
You have a slow metabolism.
Your sharp claws are effective at attacking unaware monsters.


Message History

An orc wizard is nearby!
An orc wizard is nearby!
Welcome back, DeadF the Felid Enchanter.
Press ? for a list of commands and other information.
The orc wizard hits you but does no damage.
You are poisoned.
You feel sick. The orc wizard casts a spell at you. The magic dart hits you!
You feel sick. The orc wizard completely misses you.
The orc wizard closely misses you.
You feel sick.
The orc wizard hits you with a +1 dagger of venom.
* * * LOW HITPOINT WARNING * * *
You are more poisoned.
* * * LOW HITPOINT WARNING * * *
You feel sick. The orc wizard casts a spell at you.
The puff of frost misses you.
You die...

##.###.#.... ....
#.## ##..###.#..#
#### ##.###...#
#.#..# #...
##.#.##.###.#..# #.##
##............###
###.##
#.####....#.##.##
#..... #.#
##.#.#†#...####.....
#.#
#.#.#.$............
#.#
#.@o..#)..####.....
#.#
#.>...##.####....†.
#..
........##...(.....(#
###
###..(..##.####.###.#
#....###.# #.# #.#
#.#.## #.# #.###.#
#.#.####.# #......
#.#......# #####..
#.....)..########..


You could see an orc wizard.

Vanquished Creatures
  An orc priest (D:3)
  An orc wizard (D:3)
  A hound zombie (D:3)
  6 adders
  2 dart slugs
  4 leopard geckos
  10 orcs (D:3)
  11 bats
  4 giant cockroaches
  3 goblins
  17 hobgoblins
  6 jackals
  A quokka (D:2)
  9 frilled lizards
  10 kobolds
  5 rats
91 creatures vanquished.

Notes
Turn   | Place    | Note
-------+----------+-------------------------------------------
     0 | D:1      | DeadF the Felid Enchanter began the quest for the Orb.
     0 | D:1      | Reached XP level 1. HP: 7/7 MP: 4/4
   139 | D:1      | Reached XP level 2. HP: 11/11 MP: 6/6
  1181 | D:1      | Reached XP level 3. HP: 14/14 MP: 7/7
  1958 | D:2      | Reached skill level 5 in Stealth
  1968 | D:2      | Found a snail-covered altar of Cheibriados.
  2252 | D:2      | Reached XP level 4. HP: 17/18 MP: 8/8
  3208 | D:2      | Learned a level 2 spell: Ensorcelled Hibernation
  3324 | D:2      | Found a shattered altar of Ashenzari.
  3823 | D:3      | Reached skill level 6 in Stealth
  4012 | D:3      | Found a sparkling altar of Nemelex Xobeh.
  4180 | D:3      | Found a shimmering altar of Xom.
  4182 | D:3      | Found an ornate altar of the Wu Jian Council.
  4182 | D:3      | Found an ancient bone altar of Kikubaaqudgha.
  4185 | D:3      | Found a shadowy altar of Dithmenos.
  4209 | D:3      | Reached XP level 5. HP: 21/21 MP: 9/9
  4713 | D:3      | Reached skill level 5 in Dodging
  4822 | D:3      | Learned a level 3 spell: Confusing Touch
  4891 | D:3      | Slain by an orc wizard
  4892 | D:3      | Reached XP level 4. HP: -4/18 MP: 5/8
  4934 | D:3      | Succumbed to an orc wizard's poison

Illustrated notes

Levels and vault maps discovered:
D:1:      dpeg_arrival_oval, layout_loops_ring, minmay_split_cup_large
D:2:      layout_basic, cheibriados_altar_1, ashenzari_altar_1
D:3:      layout_loops_ring, minitemple

Skill      XL: |  1  2  3  4  5 |
---------------+----------------+-----
Dodging        | 3 4 5 |  5.2
Stealth        | 5 6 |  6.9
Fighting       | |  0.2
Unarmed Combat | |  1.9
Spellcasting   | |  2.2
Hexes          | |  4.7

Action                   |  1- 3 |  4- 6 || total
-------------------------+-------+-------++-------
Melee: Unarmed           |   132 |   146 ||   278
       Bite              |     9 |     5 ||    14
 Cast: Corona            |     5 |     1 ||     6
       Ensorcelled Hiber |       |    33 ||    33
       Confusing Touch   |       |     1 ||     1
  Use: Potion            |       |     2 ||     2
 Stab: Sleeping          |    16 |    29 ||    45
       Distracted        |       |     1 ||     1
  Eat: Chunk             |    10 |     7 ||    17
Armor: Skin              |     6 |     8 ||    14
Dodge: Dodged            |   120 |   127 ||   247
